cohdb
Replays
Latest Replays
All Replays
Popular Replays
Top Player Replays
Match Explorer
How It Works
Community
CoH3 Stats
Reddit
Sign in to upload your games and track your stats! →
Sign in with Steam
Match 42602846
Unlisted
Match 42602846
Overview
Messages
Build Orders
End
Panzergrenadier Squad
Panzerpioneer Squad
Selects Armored Support Battlegroup
250 Light Carrier
Construct Light Support Kompanie
Selects Salvage Kits
MG34 Team
Combat Half-tracks
Fire Support Elements
MG34 Team
Selects Veteran Gunners
2.5-tonne Medical Truck
Panzerjäger Mechanized Group
Dave
_Nemez_
GoLdenCoBRaaa
Porygon
0
0
Comments
sign in to comment!
No comments posted yet!